AoeStats
← TheyCallMeNicoleto

Arabia

509994473Analyzed
1v1 RM · 2d ago on Sep 29, 2026· 42m 35s· 2 players
Game mode
Random Map
Map size
Tiny (2 player)
Population
200
Speed
Normal
Resources
Standard
Victory
Conquest
Starting age
Dark Age
Ending age
Imperial Age
RankedLock teamsTeams togetherTeam positionsShared explorationLock speedFull tech treeHidden civsTurbo modeCheats
Victory
Defeat
🇦🇷 Portuguese · Argentina
935
+32
🇦🇷 Tatars · Argentina
950
-17
Elvis
10:50 Feudal Age
11:54 Loom
15:56 Castle Age
17:16 Double-Bit Axe
34:26 Wheelbarrow
42:25 Imperial Age
TheyCallMeNicoleto
4:34 Loom
10:16 Feudal Age
12:19 Double-Bit Axe
15:37 Fletching
21:28 Castle Age
20:01 Padded Archer Armor
21:52 Crossbowman
23:16 Husbandry
24:39 Leather Archer Armor
25:38 Bloodlines
27:49 Light Cavalry
33:36 Town Watch
34:15 Bodkin Arrow
36:58 Scale Barding Armor
Connection lost

Rejoining the realm…

Still unreachable

The connection could not be restored.

Session expired

The server has moved on; the page needs a fresh start.